 Dungeon Crawl Stone Soup version 0.30.1-11-g7821555f0a (webtiles) character file.

Game seed: 4481259299834058244

6111 KittyFluff the Protected (level 10, -8/56 HPs)
             Began as a Gargoyle Berserker on Oct 30, 2023.
             Was a High Priest of Trog.
             Mangled by a freezing wraith (23 damage)
             ... on level 10 of the Dungeon.
             The game lasted 00:37:17 (8695 turns).

KittyFluff the Protected (Gargoyle Berserker)       Turns: 8695, Time: 00:37:20

Health: -8/56      AC: 22    Str: 31    XL:     10   Next: 89%
Magic:  10/10      EV: 18    Int:  8    God:    Trog [*****.]
Gold:   556        SH:  5    Dex: 12    Spells: 9/9 levels left

rFire   . . .        H - +3 flail (protect)
rCold   . . .        L - +0 buckler
rNeg    + . .        y - +1 leather armour of Hubris {Drain Str+6 Dex+3}
rPois   ∞            (no helmet)
rElec   +            z - +0 cloak
rCorr   .            a - +0 pair of gloves
SInv    +            (no boots)
Will    .....        E - amulet of regeneration
Stlth   +            q - ring of see invisible
HPRegen 1.09/turn    J - +5 ring of evasion
MPRegen 0.12/turn

%: random rage (3%)
@: under a protective aura, flying, slowed, very slow
A: sickness immunity, AC +7, negative energy resistance 1, electricity
resistance, torment resistance 1, petrification resistance, big wings, berserk
1, frail 1
a: Renounce Religion, Berserk, Trog's Hand, Brothers in Arms


You were on level 10 of the Dungeon.
You worshipped Trog.
Trog was extremely pleased with you.
You visited 1 branch of the dungeon, and saw 11 of its levels.

You collected 611 gold pieces.
You spent 55 gold pieces at shops.

Inventory:

Hand Weapons
 p - a +0 dire flail
 t - a +2 vampiric whip
 H - a +3 flail of protection (weapon)
 I - a +3 morningstar
Missiles
 g - 25 poisoned darts (quivered)
 s - 5 boomerangs
 O - 6 datura-tipped darts
Armour
 a - a +0 pair of gloves (worn)
 y - the +1 leather armour of Hubris (worn) {Drain Str+6 Dex+3}
   (You found it on level 8 of the Dungeon)

   Str:       It affects your strength (+6).
   Dex:       It affects your dexterity (+3).
   Drain:     It drains your maximum health when unequipped.
 z - a +0 cloak (worn)
 A - a +3 leather armour
 F - a +0 tower shield
 G - a +0 kite shield
 L - a +0 buckler (worn)
Jewellery
 q - a ring of see invisible (left hand)
 E - an amulet of regeneration (around neck)
 J - a +5 ring of evasion (right hand)
Wands
 u - a wand of paralysis (12)
 x - a wand of roots (18)
 B - a wand of acid (7)
 M - a wand of polymorph (3)
Scrolls
 b - 3 scrolls of immolation
 c - 2 scrolls of vulnerability {unknown}
 d - 3 scrolls of magic mapping
 e - 2 scrolls of fear {unknown}
 k - 2 scrolls of poison {unknown}
 l - 4 scrolls of teleportation
 r - 3 scrolls of amnesia {unknown}
 C - a scroll of butterflies {unknown}
 K - 3 scrolls of enchant weapon
Potions
 f - a potion of mutation
 i - 2 potions of flight
 m - 3 potions of curing
 n - 5 potions of heal wounds
 o - 2 potions of lignification {unknown}
 v - 3 potions of brilliance {unknown}
 w - 2 potions of might {unknown}
 D - 3 potions of haste {unknown}
 N - a potion of magic {unknown}
 Q - a potion of ambrosia {unknown}


   Skills:
 + Level 7.5 Fighting
 * Level 9.4 Maces & Flails
 * Level 9.9 Armour
 + Level 5.4 Dodging
 + Level 5.5 Shields


You had 9 spell levels left.
You didn't know any spells.
Your spell library was empty.

Dungeon Overview and Level Annotations

Branches:
Dungeon (11/15)            Temple (0/1) D:6            Lair (0/5) D:9
    Orc: D:9-12

Altars:
Dithmenos
Elyvilon
Fedhas
Makhleb
Okawaru
Ru
Wu Jian
Xom
Lugonu

Shops:
D:1 !   D:9 !

Portals:
Abyss: D:10


Innate Abilities, Weirdness & Mutations

You are immune to sickness and miasma.
Your stone body is resilient. (AC +7)
You are immune to poison.
You resist negative energy. (rN+)
You are resistant to electric shocks. (rElec)
You are resistant to unholy torment.
You are immune to petrification.
Your large and strong wings let you fly.
You sometimes lose your temper in combat.
You are frail. (-10% HP)


Message History

You block the freezing wraith's attack. The efreet hits you but does no damage.
You hit the efreet but do no damage.
The efreet is lightly wounded.
The freezing wraith closely misses you. x2
The efreet hits you but does no damage.
You thump the efreet!
The efreet is heavily wounded.
The freezing wraith closely misses you.
The freezing wraith completely misses you.
You block the efreet's attack.
You hit the efreet.
The efreet is heavily wounded.
The freezing wraith completely misses you.
The freezing wraith hits you! The freezing wraith drains your vigour!
You feel yourself slow down. The efreet barely misses you.
You sock the efreet!
You kill the efreet!
Trog accepts your kill. The freezing wraith hits you.
The freezing wraith freezes you! The freezing wraith misses you.
You block the freezing wraith's attack.
The freezing wraith hits you but does no damage.
The freezing wraith hits you but does no damage.
You block the freezing wraith's attack.
You hit the freezing wraith but do no damage.
The freezing wraith misses you.
The freezing wraith hits you but does no damage. x2
The freezing wraith barely misses you.
You barely miss the freezing wraith. The freezing wraith misses you.
The freezing wraith hits you but does no damage.
You bludgeon the freezing wraith!!
The freezing wraith is moderately damaged.
The freezing wraith hits you! The freezing wraith freezes you!
You block the freezing wraith's attack.
You sock the freezing wraith!
The freezing wraith is severely damaged.
The freezing wraith misses you. The freezing wraith closely misses you.
The freezing wraith hits you!
* * * LOW HITPOINT WARNING * * *
The freezing wraith freezes you!!
You die...

###.........# #..#
#.).........#### #.## #
######)#..[......'..####.###### #
...#...#.........##.#[........###
.....###.......!.##.#.........#.+
...### #.........##.#..)........#
...# #......[..##...........###
...# #.<.....>W####.........# #
...# #......).@# #.........# #
#.## #.........# #.........# #
#.# ########### ##.######## # ..#
#..## # ### ##..# ##.# #.. ##
#####+#### .# #........#


You could see a freezing wraith.

Vanquished Creatures
  The ghost of pkoi the Destroyer, a novice DrCj of Sif Muna (D:9)
  Pikel (D:6)
  A kobold demonologist (D:10)
  An efreet (D:10)
  A vampire (D:10)
  A steam dragon (D:10)
  Menkaure (D:5)
  2 neqoxecs (D:9)
  2 acid dragons (D:10)
  2 water moccasins
  5 orc warriors
  2 ice beasts
  A sky beast (D:7)
  2 lemures (D:6)
  2 phantoms
  2 kobold brigands
  A bullfrog (D:7)
  3 scorpions
  4 wights (D:7)
  17 killer bees
  A howler monkey (D:5)
  3 quasits (D:9)
  Crazy Yiuf (D:4)
  6 hounds
  9 orc priests
  2 sleepcaps
  5 iguanas
  Ijyb (D:5)
  10 orc wizards
  4 gnolls
  6 adders
  2 shadow imps
  2 white imps
  3 ufetubi
  A worm (D:2)
  A dart slug (D:1)
  30 orcs
  2 endoplasms (D:1)
  2 giant cockroaches
  6 goblins
  10 hobgoblins
  4 jackals (D:2)
  7 ball pythons
  6 bats
  2 frilled lizards
  20 kobolds
  2 rats (D:1)
200 creatures vanquished.

Vanquished Creatures (others)
  An orc wizard (D:10)
  A lurking horror (D:10)
2 creatures vanquished.

Grand Total: 202 creatures vanquished

Notes
Turn   | Place    | Note
-------+----------+-------------------------------------------
     0 | D:1      | KittyFluff the Gargoyle Berserker began the quest for the
                  | Orb.
     0 | D:1      | Reached XP level 1. HP: 14/14 MP: 1/1
    31 | D:1      | Found Huuvaty's Distillery.
   172 | D:1      | Reached XP level 2. HP: 14/19 MP: 2/2
   532 | D:1      | Reached XP level 3. HP: 17/23 MP: 3/3
   615 | D:1      | Found a faded altar of an unknown god.
   760 | D:2      | Reached ** piety under Trog
  1193 | D:3      | Reached XP level 4. HP: 29/29 MP: 4/4
  1342 | D:3      | Found an iron altar of Okawaru.
  1388 | D:3      | Found a burning altar of Makhleb.
  1864 | D:4      | Reached XP level 5. HP: 18/33 MP: 5/5
  1980 | D:4      | Reached *** piety under Trog
  2360 | D:4      | Reached XP level 6. HP: 34/38 MP: 6/6
  2489 | D:4      | Found a runed translucent door.
  2490 | D:4      | Noticed Crazy Yiuf
  2502 | D:4      | Killed Crazy Yiuf
  3245 | D:5      | Entered Level 5 of the Dungeon
  3318 | D:5      | Noticed Menkaure
  3333 | D:5      | Killed Menkaure
  3334 | D:5      | Reached skill level 5 in Maces & Flails
  3334 | D:5      | Reached skill level 5 in Armour
  3334 | D:5      | Reached XP level 7. HP: 18/44 MP: 7/7
  3837 | D:5      | Found a blossoming altar of Fedhas.
  4056 | D:5      | Noticed Ijyb
  4057 | D:5      | Paralysed by Ijyb for 3 turns
  4065 | D:5      | Paralysed by Ijyb for 4 turns
  4073 | D:5      | Paralysed by Ijyb for 5 turns
  4083 | D:5      | Paralysed by Ijyb for 4 turns
  4094 | D:5      | Paralysed by Ijyb for 3 turns
  4100 | D:5      | Killed Ijyb
  4559 | D:6      | Noticed Pikel
  4586 | D:6      | Killed Pikel
  4587 | D:6      | Reached skill level 5 in Fighting
  4587 | D:6      | Reached skill level 1 in Shields
  4587 | D:6      | Reached XP level 8. HP: 33/49 MP: 8/8
  4644 | D:6      | Found a staircase to the Ecumenical Temple.
  5298 | D:6      | Reached XP level 9. HP: 55/55 MP: 9/9
  5551 | D:7      | Found a shadowy altar of Dithmenos.
  6034 | D:7      | Reached **** piety under Trog
  6763 | D:8      | Reached XP level 10. HP: 61/61 MP: 10/10
  6794 | D:8      | Noticed an unseen horror
  6857 | D:8      | Identified the +1 leather armour of Hubris {Drain Str+6
                  | Dex+3}
  7402 | D:9      | Found Alipuoh's Distillery.
  7420 | D:9      | Bought a potion of heal wounds for 55 gold pieces
  7492 | D:9      | Found a sacrificial altar of Ru.
  7492 | D:9      | Found an ornate altar of the Wu Jian Council.
  7492 | D:9      | Found a white marble altar of Elyvilon.
  7493 | D:9      | Found a shimmering altar of Xom.
  7618 | D:9      | Found a staircase to the Lair.
  7709 | D:9      | Found a transporter.
  7734 | D:9      | Noticed pkoi's ghost (novice DrCj)
  7744 | D:9      | Found a transporter.
  7803 | D:9      | Reached ***** piety under Trog
  7969 | D:9      | Gained mutation: You sometimes lose your temper in combat.
                  | [a neqoxec]
  7972 | D:9      | Gained mutation: You are frail. (-10% HP) [a neqoxec]
  7996 | D:9      | Killed pkoi's ghost
  7997 | D:9      | Reached skill level 5 in Dodging
  7997 | D:9      | Reached skill level 5 in Shields
  8018 | D:9      | Gained mutation: Your large and strong wings let you fly.
                  | [a neqoxec]
  8076 | D:10     | Entered Level 10 of the Dungeon
  8273 | D:10     | Found a corrupted altar of Lugonu.
  8274 | D:10     | Found a one-way gate to the infinite horrors of the Abyss.
  8390 | D:10     | Noticed a kobold demonologist
  8391 | D:10     | Noticed a rust devil
  8419 | D:10     | Noticed an orange demon
  8424 | D:10     | Killed a kobold demonologist
  8677 | D:11     | Noticed a boulder beetle
  8677 | D:11     | Noticed a cyclops
  8677 | D:11     | Noticed a white ugly thing
  8677 | D:11     | Noticed a manticore
  8677 | D:11     | Noticed a cyclops
  8695 | D:10     | Mangled by a freezing wraith

Illustrated notes

Levels and vault maps discovered:
D:1:      mainiacjoe_arrival_reflecting_pool, layout_loops_ring, serial_shops,
          shop, hellmonk_ecumenical_altar_inner_sanctum
D:2:      layout_basic
D:3:      layout_rooms, nicolae_overflow_squiral, st_stairs_10
D:4:      layout_basic, grunt_ministairs_13, kennysheep_generic_room_4,
          uniq_crazy_yiuf_cottage
D:5:      layout_gridville, fedhas_altar_3, uniq_ijyb, uniq_menkaure
D:6:      layout_basic, temple_green, uniq_pikel
D:7:      layout_layer_cave, mainiacjoe_overflow_concentric_impassable,
          minmay_misc_feat_plants
D:8:      layout_gridville, onia_ninara_dug_in_and_dangerous
D:9:      layout_basic, chequers_temple_overflow_statue_of_worship,
          lair_entry_dummy, gammafunk_ghost_stat_death, serial_shops, shop
D:10:     layout_roguey, amcnicky_altar_lugonu_corruption
D:11:     minmay_ambush_box, layout_irregular_city, uniq_erolcha

Skill      XL: |  1  2  3  4  5  6  7  8  9 10 |
---------------+-------------------------------+-----
Armour         | 3 4 5 6 7 8 9 |  9.9
Dodging        | 2 3 4 5 |  5.4
Fighting       | 4 5 6 7 |  7.5
Maces & Flails | 4 5 6 8 9 |  9.4
Shields        | 1 2 4 5 |  5.5

Action                     |  1- 3 |  4- 6 |  7- 9 | 10-12 || total
---------------------------+-------+-------+-------+-------++-------
  Melee: Mace              |   105 |    54 |       |       ||   159
         Whip              |       |   118 |   344 |       ||   462
         Punch             |       |     1 |     3 |       ||     4
         Flail             |       |       |   309 |   274 ||   583
 Invoke: Berserk           |       |     2 |       |       ||     2
    Use: Scroll            |       |       |       |     8 ||     8
 Armour: Animal skin       |     1 |       |       |       ||     1
         Leather armour    |    42 |    90 |   252 |    98 ||   482
  Dodge: Dodged            |    69 |    96 |   420 |   198 ||   783
  Block: Kite shield       |       |       |   217 |    12 ||   229
         Buckler           |       |       |       |    58 ||    58
